 Dungeon Crawl Stone Soup version 0.17-a0-1830-g81820eb (webtiles) character file.

86 Oddball22 the Stinger (level 4, -1/35 HPs)
             Began as a Demonspawn Venom Mage on Sept 14, 2015.
             Hit by a tomahawk thrown by an orc (6 damage)
             ... on level 3 of the Dungeon.
             The game lasted 00:05:59 (2151 turns).

Oddball22 the Stinger (Demonspawn Venom Mage)       Turns: 2151, Time: 00:06:00

Health: -1/35      AC:  3    Str:  8    XL:     4   Next: 26%
Magic:  1/7        EV: 13    Int: 17    God:
Gold:   57         SH:  0    Dex: 16    Spells: 2 memorised, 4 levels left

rFire  . . .     SeeInvis .     d - +3 dagger (speed)
rCold  . . .     Clarity  .     a - +0 robe
rNeg   . . .     SustAt   .     (no shield)
rPois  .         Gourm    .     (helmet restricted)
rElec  .         Spirit   .     (no cloak)
rCorr  .         Warding  .     (no gloves)
rMut   .         Stasis   .     (no boots)
MR     .....                    (no amulet)
Stlth  ++........               (no ring)
                                p - +2 ring of dexterity

@: lethally poisoned (-1 -> -4), very slightly contaminated, hasted, very quick,
not resistant to hostile enchantments, unstealthy
A: antennae 2, icy blue scales 1
a: no special abilities


You were on level 3 of the Dungeon.
You were not hungry.

You visited 1 branch of the dungeon, and saw 3 of its levels.

You collected 57 gold pieces.

Inventory:

Hand weapons
 d - a +3 dagger of speed (weapon)
 e - a +4 mace
 i - a +0 halberd
Armour
 a - a +0 robe (worn)
Jewellery
 p - a +2 ring of dexterity (left hand)
Magical devices
 m - a wand of slowing (34)
Scrolls
 l - a scroll of blinking {unknown}
 o - a scroll of identify
Potions
 h - a potion of agility {unknown}
 j - a potion of curing {unknown}
 n - a potion of lignification {unknown}
Books
 b - a Young Poisoner's Handbook

   Spells                             Type                      Level
   a - Sting                          Conjuration/Poison           1
   b - Cure Poison                    Poison                       2
   c - Mephitic Cloud                 Conjuration/Poison/Air       3
   d - Olgreb's Toxic Radiance        Poison                       4
   e - Venom Bolt                     Conjuration/Poison           5
Comestibles
 c - 2 bread rations
 g - a meat ration
 k - 4 chunks of flesh


   Skills:
 * Level 3.2 Fighting
 + Level 2.6 Dodging
 - Level 1.7 Stealth
 - Level 2.0 Spellcasting
 - Level 4.0 Poison Magic


You had 4 spell levels left.
You knew the following spells:

 Your Spells              Type           Power        Failure   Level  Hunger
a - Sting                 Conj/Pois      #...         10%         1    #......
b - Cure Poison           Pois           ###.......   6%          2    ###....


Dungeon Overview and Level Annotations

Branches:
Dungeon (3/15)

Altars:
Okawaru


Innate Abilities, Weirdness & Mutations

You have a pair of antennae on your head.
You are partially covered in icy blue scales (AC +1).


Message History

You barely miss the adder. The adder closely misses you.
You hit the adder.
The adder is heavily wounded.
The adder misses you.
You closely miss the adder.
The adder is heavily wounded.
The adder bites you.
* * * LOW HITPOINT WARNING * * *
You puncture the adder!
The adder is almost dead.
You feel sick. The adder misses you.
You barely miss the adder.
The adder is almost dead.
The adder closely misses you.
You hit the adder.
You kill the adder!
Drink which item? (? for menu, Esc to quit)
It was a potion of haste.
You feel yourself speed up.
The orc throws a tomahawk.
The tomahawk hits you.
You die...

### .. .. .# .
.# ...
####o#..... ##
#.@[o...# ..
#######'###.#.#
.######
#.........# #
.#....#
#.........#
.#.#
#.........#
.#.#
#.........#
.#.#
#.........+
.#.#
#.........#
...#
#.........#


You could see 2 orcs.

Vanquished Creatures
  An orc wizard (D:3)
  An adder (D:3)
  A gnoll (D:1)
  An ooze (D:2)
  A worm (D:2)
  2 orcs (D:3)
  3 bats
  2 giant cockroaches
  4 goblins
  6 hobgoblins (D:1)
  3 jackals (D:2)
  A quokka (D:2)
  A giant gecko (D:2)
  A giant newt (D:1)
  A kobold (D:1)
  5 rats
34 creatures vanquished.

Notes
Turn   | Place    | Note
--------------------------------------------------------------
     0 | D:1      | Oddball22 the Demonspawn Venom Mage began the quest for the Orb.
     0 | D:1      | Reached XP level 1. HP: 13/13 MP: 3/3
   226 | D:1      | Reached skill level 1 in Fighting
   471 | D:1      | Gained mutation: You have a pair of small antennae on your head. [demonic ancestry]
   471 | D:1      | Reached XP level 2. HP: 20/22 MP: 0/5
  1205 | D:1      | Learned a level 2 spell: Cure Poison
  1350 | D:2      | Gained mutation: You are partially covered in icy blue scales (AC +1). [demonic ancestry]
  1350 | D:2      | Reached XP level 3. HP: 27/27 MP: 6/6
  1556 | D:2      | Found an iron altar of Okawaru.
  2125 | D:3      | Gained mutation: You have a pair of antennae on your head. [demonic ancestry]
  2125 | D:3      | Reached XP level 4. HP: 22/35 MP: 5/7
  2151 | D:3      | Hit by a tomahawk thrown by an orc

Vault maps used:
D:1:      dpeg_arrival_round_c
D:2:      okawaru_ov_weapons_minmay, first_bread
D:3:      fedhas_altar_fruit_tree, nicolae_overflow_crystal_walls,
          minmay_misc_feat_more_columns

Action                   |  1- 3 |  4- 6 || total
-------------------------+-------+-------++-------
Melee: Unarmed           |    37 |       ||    37
       Halberd           |    62 |       ||    62
       Dagger            |    11 |    16 ||    27
 Cast: Sting             |    38 |     4 ||    42
  Use: Scroll            |     8 |       ||     8
       Potion            |       |     1 ||     1
 Stab: Sleeping          |     2 |       ||     2
       Distracted        |     1 |       ||     1
  Eat: Chunk             |     5 |       ||     5
